 Dungeon Crawl Stone Soup version 0.26-a0-651-gb41185065b (webtiles) character file.

Game seed: 14259748431101894541

338 kae the Ruffian (level 6, -4/47 HPs)
             Began as a Draconian Transmuter on Oct 13, 2020.
             Was a Follower of Wu Jian.
             Slain by a gnoll
             ... wielding a +4 whip of venom
              (12 damage)
             ... on level 5 of the Dungeon.
             The game lasted 00:03:51 (5069 turns).

kae the Ruffian (Draconian Transmuter)              Turns: 5069, Time: 00:03:51

Health: -4/47      AC:  2    Str: 14    XL:     6   Next: 29%
Magic:  7/9        EV: 19    Int: 13    God:    Wu Jian [*.....]
Gold:   202        SH:  0    Dex: 17    Spells: 3/9 levels left

rFire    . . .     SeeInvis .     - Unarmed
rCold    . . .     Faith    .   (shield currently unavailable)
rNeg     . . .     Spirit   .   (armour unavailable)
rPois    x         Reflect  .   (helmet currently unavailable)
rElec    .         Harm     .   (cloak currently unavailable)
rCorr    .         Rampage  .   (gloves currently unavailable)
MR       .....                  (boots currently unavailable)
Stlth    ++........             (no amulet)
HPRegen  0.15/turn              (no ring)
MPRegen  0.11/turn              (no ring)

@: spider-form (expiring)
A: tiny, unfitting armour, AC +6
a: End Transformation, Renounce Religion


You were on level 5 of the Dungeon.
You worshipped Wu Jian.
Wu Jian was aware of your devotion.
You were a venomous arachnid creature.
You visited 2 branches of the dungeon, and saw 6 of its levels.

You collected 202 gold pieces.

Inventory:

Hand Weapons
 k - a +0 short sword of venom
Wands
 l - a wand of iceblast (11)
 p - a wand of enslavement (8)
Scrolls
 b - a scroll of noise
 c - 2 scrolls of identify
 g - 3 scrolls of fog
 j - 2 scrolls of teleportation
 o - a scroll of amnesia
Potions
 a - a potion of stabbing
 d - a potion of resistance
 e - a potion of lignification
 f - a potion of berserk rage
 h - 2 potions of curing
 i - a potion of haste
 m - a potion of brilliance
 n - a potion of mutation {unknown}


   Skills:
 - Level 1.1 Fighting
 - Level 1.7 Dodging
 * Level 6.1 Unarmed Combat
 - Level 2.0 Spellcasting
 + Level 4.1 Transmutations


You had 3 spell levels left.
You knew the following spells:

 Your Spells              Type           Power        Failure   Level
a - Beastly Appendage     Tmut           ##....       14%         1
b - Wereblood             Tmut           ##......     19%         2
c - Spider Form           Tmut/Pois      #.........   54%         3

Your spell library contained the following spells:

 Spells                   Type           Power        Failure   Level
 Summon Small Mammal      Summ           #...         47%         1
 Call Imp                 Summ           #.......     58%         2
 Call Canine Familiar     Summ           #.......     78%         3
 Summon Guardian Golem    Hex/Summ       #.......     78%         3
 Ice Form                 Ice/Tmut       #.......     88%         4
 Blade Hands              Tmut           ##........   91%         5
 Summon Ice Beast         Ice/Summ       #.......     98%         4
 Summon Lightning Spire   Summ/Air       #.......     98%         4


Dungeon Overview and Level Annotations

Branches:
Dungeon (5/15)             Temple (1/1) D:4

Altars:
Dithmenos
Gozag
Kikubaaqudgha
Okawaru
Ru
Sif Muna
Trog
Vehumet
Wu Jian
Xom
Yredelemnul
The Shining One


Innate Abilities, Weirdness & Mutations

((Your plain brown scales are hard. (AC +6)))
You cannot fit into any form of body armour.
((You are cold-blooded and may be slowed by cold attacks.))


Message History

The gnoll sergeant looks as sick as possible!
The gnoll sergeant is severely wounded.
The gnoll sergeant hits you with a +0 trident!
The gnoll barely misses you. The gnoll closely misses you.
The gnoll completely misses you.
You hit the gnoll sergeant.
The gnoll sergeant looks as sick as possible!
The gnoll sergeant is almost dead.
The gnoll barely misses you.
The gnoll sergeant hits you with a +0 trident!
* * * LOW HITPOINT WARNING * * *
The gnoll misses you.
You spin and attack the gnoll.
You hit the gnoll but do no damage.
The gnoll is poisoned.
You kill the gnoll sergeant!
The Council accepts your kill.
Your Unarmed Combat skill increases to level 6!
Your Transmutations skill increases to level 4!
The gnoll hits you with a +4 whip of venom!
You die...

....>..##....
.......#####.......#....
..(.....#...#.......#....
........#...#.......#....
.......#...#.......#....
#.....#...#.......#'###
#.....#..##...........#
#.....#..###'##'##....#
#...ggs......#...#....#
+...g.#......#...'....'
#...g)##########'#....#
......... ##.###...
.........# #....#...
.........# #....#...
.........# #....#...
.........# #....#...
.........# #>...#...


You could see 4 gnolls.

Vanquished Creatures
  A gnoll sergeant (D:5)
  A hound (D:5)
  An iguana (D:5)
  A worker ant (D:5)
  5 gnolls
  4 adders
  2 worms (D:2)
  3 dart slugs
  4 leopard geckos
  4 orcs
  9 giant cockroaches
  11 goblins
  8 hobgoblins
  11 jackals
  7 kobolds
  4 quokkas (D:3)
  2 ball pythons
  5 bats
  8 frilled lizards
  9 rats
100 creatures vanquished.

Notes
Turn   | Place    | Note
-------+----------+-------------------------------------------
     0 | D:1      | kae the Draconian Transmuter began the quest for the Orb.
     0 | D:1      | Reached XP level 1. HP: 16/16 MP: 3/3
   245 | D:1      | Reached XP level 2. HP: 20/23 MP: 3/5
   643 | D:1      | Reached XP level 3. HP: 26/28 MP: 4/6
   778 | D:2      | Reached skill level 4 in Unarmed Combat
  1422 | D:2      | Reached XP level 4. HP: 32/35 MP: 5/7
  1836 | D:2      | Found a shimmering altar of Xom.
  1840 | D:2      | Found a glowing golden altar of the Shining One.
  1841 | D:2      | Found an opulent altar of Gozag.
  1943 | D:2      | Found a sacrificial altar of Ru.
  1944 | D:2      | Found an ornate altar of the Wu Jian Council.
  1945 | D:2      | Found an iron altar of Okawaru.
  1947 | D:2      | Found a shimmering blue altar of Sif Muna.
  1951 | D:2      | Became a worshipper of the Wu Jian Council
  1962 | D:2      | Learned a level 2 spell: Wereblood
  1966 | D:2      | Learned a level 3 spell: Spider Form
  3249 | D:3      | Found a shadowy altar of Dithmenos.
  3373 | D:3      | Reached skill level 5 in Unarmed Combat
  3373 | D:3      | Reached XP level 5. HP: 40/40 MP: 4/8
  3609 | D:3      | Reached * piety under Wu Jian
  4058 | D:4      | Found a staircase to the Ecumenical Temple.
  4125 | Temple   | Entered the Ecumenical Temple
  4594 | D:5      | Entered Level 5 of the Dungeon
  4834 | D:5      | Reached XP level 6. HP: 29/47 MP: 9/9
  5069 | D:5      | Reached skill level 6 in Unarmed Combat
  5069 | D:5      | Slain by a gnoll

Illustrated notes

Levels and vault maps discovered:
D:1:      dpeg_arrival_prison, layout_basic
D:2:      layout_loops_ring, minitemple
D:3:      layout_basic, grunt_dithmenos_smoke_and_mirrors, serial_corexii_hall,
          corexii_hall_statues_u, corexii_hall_statues_deadend,
          grunt_ministairs_11, minmay_cut_off
D:4:      layout_basic, minmay_temple_entry_gardened_gates,
          hangedman_decor_riveting, chequers_serial_rivers_micro_b
D:5:      layout_gridville, gammafunk_ghost_grave
Temple:   hc_temple_tempest_star

Skill      XL: |  1  2  3  4  5  6 |
---------------+-------------------+-----
Unarmed Combat | 4 5 6 |  6.1
Transmutations | 3 4 |  4.1
Fighting       | |  1.1
Dodging        | |  1.7
Spellcasting   | |  2.0

Action                   |  1- 3 |  4- 6 || total
-------------------------+-------+-------++-------
Melee: Unarmed           |   101 |   180 ||   281
       Headbutt          |     8 |    13 ||    21
       Kick              |    12 |    23 ||    35
       Tailslap          |    13 |     6 ||    19
       Punch             |       |     3 ||     3
 Cast: Beastly Appendage |    26 |    30 ||    56
       Spider Form       |       |     4 ||     4
Invok: Lunge             |       |     9 ||     9
       Whirlwind         |       |     1 ||     1
  Use: Potion            |     4 |       ||     4
       Scroll            |     1 |    10 ||    11
Armor: Skin              |    37 |    57 ||    94
Dodge: Dodged            |    70 |   119 ||   189

Table legend: (Time is in decaauts)
 A = Elapsed time spent in this place.
 B = Non-inter-level travel time spent in this place.
 C = Inter-level travel time spent in this place.
 D = Time resting spent in this place.
 E = Time spent auto-exploring this place.
 F = Levels seen in this place.
 G = Mean time per level.
                   A        B        C        D        E       F      G
               +--------+--------+--------+--------+--------+-----+--------+
         Total |   5046 |   4885 |    161 |    335 |   3817 |   6 |  841.0 |
       Dungeon |   5028 |   4872 |    156 |    335 |   3803 |   5 | 1005.6 |
        Temple |     18 |     14 |      4 |      0 |     14 |   1 |   18.0 |
               +--------+--------+--------+--------+--------+-----+--------+

Top non-repeatable levels by time:
     D:3: 1676 daAuts
     D:2: 1327 daAuts
     D:4: 791 daAuts
     D:1: 761 daAuts
     D:5: 472 daAuts
  Temple: 18 daAuts
